 Dungeon Crawl Stone Soup version 0.32-a0-699-g1ee5eff69a (webtiles) character file.

Game seed: 9412358314206875837

74797 Alarak the Earth Mage (level 15, -2/82 HPs)
             Began as a Gargoyle Earth Elementalist on Mar 14, 2024.
             Was a Priest of Vehumet.
             Killed by angry trees
             ... awakened by a spriggan druid
              (16 damage)
             ... on level 2 of the Lair of Beasts.
             The game lasted 00:55:48 (15211 turns).

Alarak the Earth Mage (GrEE)                       Turns: 15211, Time: 00:55:49

Health: -2/82      AC: 23    Str: 10    XL:     15   Next: 48%
Magic:  16/28      EV: 11    Int: 23    God:    Vehumet [***...]
Gold:   1056       SH:  0    Dex: 16    Spells: 18/32 levels left

rFire   + . .        o - +6 arbalest "Juizeg" {flame, rC+ rN+++ rCorr Str-2}
rCold   + . .        (shield currently unavailable)
rNeg    + + +        m - +3 leather armour {Will+}
rPois   ∞            U - +1 hat {Stlth+}
rElec   +            H - +1 cloak
rCorr   +            k - +0 pair of gloves
SInv    .            L - +0 pair of boots
Will    ++...        (no amulet)
Stlth   +++          l - +6 ring of dexterity
HPRegen 0.33/turn    N - ring of protection from fire
MPRegen 0.21/turn

%: no passive effects
@: flying, studying Invocations
A: sickness immunity, AC +11, big wings, negative energy resistance 1,
electricity resistance, torment resistance 1, petrification resistance
a: Renounce Religion


You were on level 2 of the Lair of Beasts.
You worshipped Vehumet.
Vehumet was most pleased with you.
You visited 3 branches of the dungeon, and saw 15 of its levels.
You also visited: Volcano.

You collected 1056 gold pieces.

Inventory:

Hand Weapons
 f - a +1 whip of draining
 o - the +6 arbalest "Juizeg" (weapon) {flame, rC+ rN+++ rCorr Str-2}
   (You found it on level 4 of the Dungeon)

   Str-2:     It affects your strength (-2).
   rC+:       It protects you from cold.
   rN+++:     It renders you almost immune to negative energy.
   rCorr:     It protects you from acid and corrosion.
 y - the +7 spear "Ytatat" {flame, Str+2}
   (You found it on level 10 of the Dungeon)

   Str+2:     It affects your strength (+2).
 S - a +0 hand cannon of flaming
Missiles
 e - 109 stones
 D - 2 throwing nets
Armour
 g - a +0 helmet
 k - a +0 pair of gloves (worn)
 m - a +3 leather armour of willpower (worn)
 H - a +1 cloak (worn)
 L - a +0 pair of boots (worn)
 T - a +3 scale mail of fire resistance
 U - a +1 hat of stealth (worn)
 V - a +2 chain mail of fire resistance
Magical Staves
 a - a staff of earth
 B - a staff of air
 I - a staff of alchemy
Jewellery
 l - a +6 ring of dexterity (left hand)
 r - a ring of see invisible
 N - a ring of protection from fire (right hand)
Wands
 p - a wand of flame (64)
 w - a wand of charming (5)
 C - a wand of quicksilver (15)
 G - a wand of polymorph (3)
 P - a wand of digging (4)
Scrolls
 b - 2 scrolls of blinking
 c - a scroll of teleportation
 i - a scroll of enchant weapon
 v - a scroll of enchant armour
 x - 3 scrolls of fear
 J - a scroll of fog
 K - 3 scrolls of vulnerability
Potions
 d - 10 potions of curing
 h - 3 potions of enlightenment
 j - 2 potions of berserk rage
 n - 3 potions of brilliance
 q - 4 potions of cancellation
 s - 2 potions of lignification
 t - a potion of might
 z - 4 potions of heal wounds
 A - 2 potions of invisibility
 E - 4 potions of degeneration
 F - a potion of attraction
 M - a potion of ambrosia
 R - a potion of haste
Miscellaneous
 O - a sack of spiders


   Skills:
 - Level 5.3 Fighting
 - Level 4.2 Armour
 - Level 3.1 Dodging
 - Level 2.1 Stealth
 + Level 9.1 Spellcasting
 - Level 15.0 Conjurations
 - Level 19.7 Earth Magic


You had 18 spell levels left.
You knew the following spells:

 Your Spells              Type           Power      Damage    Failure   Level
a - Sandblast             Erth           100%       2d20      0%          1
b - Stone Arrow           Conj/Erth      100%       3d13      0%          3
c - Passwall              Erth           79%        N/A       0%          3
d - Brom's Barrelling Bo  Conj/Erth      74%        2d9       1%          4
e - Mephitic Cloud        Conj/Alch/Air  33%        N/A       1%          3

Your spell library contained the following spells:

 Spells                   Type           Power      Damage    Failure   Level
 Momentum Strike          Conj/Tloc      90%        3d10      1%          2
 Hailstorm                Conj/Ice       45%        3d10      1%          3
 Animate Armour           Summ/Erth      100%       N/A       1%          4
 Petrify                  Alch/Erth      54%        N/A       1%          4
 Freeze                   Ice            40%        1d6       2%          1
 Mercury Vapours          Alch/Air       20%        N/A       3%          2
 Frozen Ramparts          Ice            20%        1d4       7%          3
 Freezing Cloud           Conj/Ice/Air   16%        6-21      8%          5
 Summon Small Mammal      Summ           40%        N/A       9%          1
 Ensorcelled Hibernation  Hex/Ice        20%        N/A       12%         2
 Lehudib's Crystal Spear  Conj/Erth      37%        10d9      12%         8
 Call Canine Familiar     Summ           10%        N/A       24%         3
 Fugue of the Fallen      Necr           10%        N/A       24%         3
 Anguish                  Hex/Necr       5%         N/A       63%         4
 Summon Blazeheart Golem  Fire/Summ      10%        N/A       63%         4


Dungeon Overview and Level Annotations

Branches:
Dungeon (12/15)            Temple (1/1) D:7            Lair (2/5) D:11
  Swamp (0/4) Lair:2        Snake (0/4) Lair:2          Orc (0/2) D:9
Volcano (visited)

Altars:
Ashenzari
Cheibriados
Dithmenos
Elyvilon
Fedhas
Gozag
Hepliaklqana
Kikubaaqudgha
Makhleb
Nemelex Xobeh
Okawaru
Qazlal
Ru
Sif Muna
Trog
Uskayaw
Vehumet
Wu Jian
Xom
Yredelemnul
Zin
The Shining One

Shops:
D:1 =   D:8 (

Portals:
Trove: D:11 (give +5 ice dragon scales)

Annotations:
D:3 1 runed translucent door, Yehuk's ghost, novice MiBe


Innate Abilities, Weirdness & Mutations

You are immune to sickness and miasma.
Your stone body is resilient. (AC +11)
You are immune to poison.
Your large and strong wings let you fly.
You resist negative energy. (rN+)
You are resistant to electric shocks. (rElec)
You are resistant to unholy torment.
You are immune to petrification.


Message History

The hornet appears confused.
The yak barely misses the yak.
The bullfrog hits you but does no damage.
The spriggan druid barely misses you.
The hornet is engulfed in noxious fumes.
The hornet appears confused.
The hornet barely misses the bullfrog.
The five-headed hydra barely misses you.
The five-headed hydra bites you but does no damage.
The five-headed hydra barely misses you.
The five-headed hydra misses you.
The five-headed hydra barely misses you.
The bullfrog is engulfed in noxious fumes.
The bullfrog appears confused.
The bullfrog hits you but does no damage.
The hornet is engulfed in noxious fumes.
The hornet appears confused.
The yak gores the yak!
The hornet is engulfed in noxious fumes.
The hornet appears confused.
The yak gores the spriggan druid!
The hornet stings the bullfrog!
The bullfrog is poisoned.
The bullfrog seems to slow down.
The hornet barely misses itself.
The spriggan druid attacks as it pursues you!
The spriggan druid hits you but does no damage.
The bullfrog is engulfed in noxious fumes.
The bullfrog appears confused.
Blink to where?
Press: ? - help, Dir - move target
As you read the scroll of blinking, it crumbles to dust.
The bullfrog is no longer moving slowly.
The spriggan druid casts a spell.
The forest starts to sway and rumble!
The bullfrog barely misses the hornet.
The bullfrog hits the hornet but does no damage.
A root smacks you from below!
The hornet stings the plant!
The plant begins to die.
The plant is poisoned.
Branches wave dangerously above you.
You are hit by a branch!
* * * LOW HITPOINT WARNING * * *
Something stings the plant.
Branches wave dangerously above you. A root smacks you from below!
You die...

.F......................#........
......................#.#........
Y........[PP.~P..................
##....Fy.~iP~P~P.................
#......PPP~~~P~~............§§..
##....D.PP~~~♣~~~#.###......##§..
#.......PP♣≈♣≈~P.~## *#.....≈≈.#.
#......P.~≈≈♣~~~~#.###,.....≈#...
#......~~~♣♣P♣♣~@~...#...#..#...#
#..h..PP≈~~PPPP♣~~P...........§§.
##....PP♣♣PPP~P~♣~~.....#....##≈§
,#....~P♣~P..#P~~P~........#.≈#..
*.....~~~PP###PP~~PP.........≈...
......PP~P.# ##~~♣P.........#§≈.#
,,,...P♣~P.###~~P~PPP.........≈..
,,,...~~~P.##..PP~PP~............
,,,...~~PP..#...PP~~P............


You could see a spriggan druid.

Vanquished Creatures
  A red draconian (Volcano)
  6 two-headed ogres
  A centaur warrior (Volcano)
  A boulder beetle (D:11)
  4 death yaks (Lair:2)
  Nergalle (Lair:1)
  An ugly thing (D:12)
  Maurice (D:8)
  2 cyclopes (D:11)
  4 elephants
  A black mamba (Lair:1)
  An ice statue (D:11)
  2 cane toads
  2 unseen horrors
  2 yaktaurs (Volcano)
  A kobold demonologist (D:11)
  A rime drake (Lair:1)
  5 komodo dragons
  A troll (D:12)
  Grinder (D:2)
  2 hornets
  5 blink frogs
  A wraith (D:12)
  2 wyverns
  41 yaks
  A vampire (D:10)
  2 basilisks
  2 steam dragons
  A warg (D:9)
  4 vampire mosquitoes (D:9)
  2 acid dragons (D:10)
  2 water moccasins
  9 orc warriors
  A black bear (D:5)
  14 wolves
  8 centaurs
  An ogre (D:4)
  3 phantoms
  7 kobold brigands
  Blork the orc (D:5)
  6 bullfrogs
  7 scorpions
  5 gnoll sergeants
  4 wights (D:7)
  5 killer bees (D:11)
  3 electric eels (D:7)
  10 howler monkeys
  2 bombardier beetles
  5 hounds
  3 orc priests
  4 gnoll boudas
  A jelly (D:5)
  A sleepcap (D:6)
  7 iguanas
  Ijyb (D:3)
  6 orc wizards
  Robin (D:3)
  24 gnolls
  An adder (D:2)
  4 white imps (D:7)
  6 ufetubi
  2 ribbon worms
  A dart slug (D:3)
  39 orcs
  3 bats (D:1)
  6 endoplasms
  4 giant cockroaches
  9 hobgoblins
  13 jackals
  22 kobolds
  3 quokkas
  6 ball pythons
  A frilled lizard (D:2)
  17 goblins
  7 rats
387 creatures vanquished.

Vanquished Creatures (collateral kills)
  3 gnolls (D:9)
3 creatures vanquished.

Grand Total: 390 creatures vanquished

Notes
Turn   | Place    | Note
-------+----------+-------------------------------------------
     0 | D:1      | Alarak the Gargoyle Earth Elementalist began the quest for
                  | the Orb.
     0 | D:1      | Reached XP level 1. HP: 10/10 MP: 3/3
   205 | D:1      | Reached XP level 2. HP: 15/15 MP: 0/5
   572 | D:1      | Reached XP level 3. HP: 19/19 MP: 4/6
   696 | D:1      | Found Foycziqo's Jewellery Shop.
   871 | D:1      | Reached skill level 4 in Earth Magic
  1131 | D:2      | Found a faded altar of an unknown god.
  1396 | D:2      | Reached XP level 4. HP: 24/24 MP: 3/7
  2306 | D:3      | Noticed Robin
  2307 | D:3      | Noticed Grinder
  2453 | D:2      | Paralysed by Grinder for 3 turns
  2471 | D:2      | Killed Grinder
  2472 | D:2      | Reached skill level 6 in Earth Magic
  2472 | D:2      | Reached XP level 5. HP: 15/28 MP: 1/8
  2472 | D:2      | Reached XP level 6. HP: 17/32 MP: 1/9
  2550 | D:3      | Killed Robin
  2551 | D:3      | Reached skill level 7 in Earth Magic
  2767 | D:3      | Learned a level 3 spell: Stone Arrow
  2771 | D:3      | Learned a level 3 spell: Passwall
  3073 | D:3      | Noticed Ijyb
  3081 | D:3      | Killed Ijyb
  3312 | D:3      | Found a runed translucent door.
  3316 | D:3      | Noticed Yehuk's ghost (novice MiBe)
  3606 | D:4      | Reached XP level 7. HP: 36/36 MP: 5/11
  3931 | D:4      | Found a white marble altar of Elyvilon.
  3980 | D:4      | Identified the +6 arbalest "Juizeg" {flame, rC+ rN+++ rCorr
                  | Str-2}
  4192 | D:4      | Found a broken altar of Ashenzari.
  4325 | D:5      | Entered Level 5 of the Dungeon
  4386 | D:5      | Noticed Blork the orc
  4389 | D:5      | Killed Blork the orc
  4401 | D:5      | Reached XP level 8. HP: 34/41 MP: 6/12
  4469 | D:5      | Reached skill level 1 in Fighting
  4694 | D:5      | Reached skill level 5 in Fighting
  5032 | D:6      | Reached skill level 5 in Conjurations
  5217 | D:6      | You fall into a shaft and drop 1 floor!
  5235 | D:7      | Reached XP level 9. HP: 34/54 MP: 9/15
  5322 | D:7      | Reached skill level 5 in Spellcasting
  5346 | D:7      | Found a staircase to the Ecumenical Temple.
  5358 | Temple   | Entered the Ecumenical Temple
  6562 | D:7      | Noticed a hornet
  6567 | D:7      | Killed a hornet
  6568 | D:7      | Reached skill level 8 in Earth Magic
  6568 | D:7      | Reached XP level 10. HP: 55/59 MP: 15/20
  7076 | D:7      | Reached skill level 9 in Earth Magic
  7307 | D:8      | Found a stormy altar of Qazlal.
  7524 | D:8      | Learned a level 4 spell: Brom's Barrelling Boulder
  7549 | D:8      | Noticed Maurice
  7560 | D:8      | Reached skill level 10 in Earth Magic
  7561 | D:8      | Something stole a +1 whip of draining
  7562 | D:8      | Something stole 3 throwing nets
  7565 | D:8      | Something stole 493 gold
  7587 | D:8      | Killed Maurice
  7588 | D:8      | Found Iriacir's Antique Weapon Shoppe.
  7810 | D:8      | Found a sparkling altar of Nemelex Xobeh.
  7873 | D:9      | Reached skill level 11 in Earth Magic
  8118 | D:9      | Found a hide-covered altar of Uskayaw.
  8131 | D:9      | Noticed a two-headed ogre
  8136 | D:9      | Killed a two-headed ogre
  8282 | D:9      | Found a sacrificial altar of Ru.
  8338 | D:9      | Reached skill level 10 in Conjurations
  8338 | D:9      | Reached XP level 11. HP: 64/64 MP: 19/21
  8449 | D:9      | Noticed a two-headed ogre
  8455 | D:9      | Killed a two-headed ogre
  8596 | D:9      | Found a hazy altar of Hepliaklqana.
  8714 | D:9      | Found a staircase to the Orcish Mines.
  8873 | D:10     | Entered Level 10 of the Dungeon
  9074 | D:10     | Noticed a two-headed ogre
  9433 | D:9      | Reached skill level 12 in Earth Magic
  9440 | D:9      | Killed a two-headed ogre
  9755 | D:10     | Noticed a two-headed ogre
  9760 | D:10     | Killed a two-headed ogre
  9761 | D:10     | Reached skill level 13 in Earth Magic
 10060 | D:10     | Found a glowing golden altar of the Shining One.
 10124 | D:10     | Found an ancient bone altar of Kikubaaqudgha.
 10124 | D:10     | Found a radiant altar of Vehumet.
 10208 | D:10     | Became a worshipper of Vehumet
 10408 | D:10     | Identified the +7 spear "Ytatat" {flame, Str+2}
 10514 | D:11     | Noticed a cyclops
 10517 | D:11     | Killed a cyclops
 10663 | D:11     | Noticed a boulder beetle
 10695 | D:11     | Killed a boulder beetle
 10696 | D:11     | Reached skill level 14 in Earth Magic
 10818 | D:11     | Noticed a cyclops
 10825 | D:11     | Killed a cyclops
 10853 | D:11     | Noticed a two-headed ogre
 10858 | D:11     | Killed a two-headed ogre
 10969 | D:11     | Reached XP level 12. HP: 68/68 MP: 20/22
 11002 | D:11     | Reached skill level 15 in Earth Magic
 11330 | D:11     | Found a staircase to the Lair.
 11401 | D:11     | Reached * piety under Vehumet
 11401 | D:11     | Offered knowledge of Kiss of Death by Vehumet.
 11668 | D:11     | Found a portal to a secret trove of treasure.
 11932 | D:12     | Noticed a two-headed ogre
 11937 | D:12     | Killed a two-headed ogre
 12442 | D:12     | Learned a level 3 spell: Mephitic Cloud
 12473 | Lair:1   | Entered Level 1 of the Lair of Beasts
 12536 | Lair:1   | Noticed Nergalle
 12643 | Lair:1   | Offered knowledge of Static Discharge by Vehumet.
 12650 | Lair:1   | Reached ** piety under Vehumet
 12667 | Lair:1   | Killed Nergalle
 13313 | Lair:1   | Reached skill level 15 in Conjurations
 13417 | Lair:1   | Reached XP level 13. HP: 61/72 MP: 16/23
 13630 | Lair:1   | Reached skill level 16 in Earth Magic
 14226 | Lair:2   | Found a dark tunnel.
 14238 | Volcano  | Entered a volcano
 14434 | Volcano  | Noticed a red draconian
 14442 | Volcano  | Killed a red draconian
 14444 | Volcano  | Offered knowledge of Momentum Strike by Vehumet.
 14538 | Volcano  | Reached skill level 18 in Earth Magic
 14538 | Volcano  | Gained mutation: Your large and strong wings let you fly.
                  | [Gargoyle growth]
 14538 | Volcano  | Reached XP level 14. HP: 60/78 MP: 25/25
 14547 | Volcano  | Reached skill level 19 in Earth Magic
 14547 | Volcano  | Reached XP level 15. HP: 49/82 MP: 14/27
 15195 | Lair:2   | Reached *** piety under Vehumet
 15211 | Lair:2   | Killed from afar by a spriggan druid

Illustrated notes

Levels and vault maps discovered:
D:1:      psy_arrival_statuary, layout_basic, serial_shops, shop
D:2:      layout_loops_cross, dreamdust_ecumenical_altar_statues
D:3:      layout_basic, ebering_ghost_sewer_d, uniq_grinder, uniq_ijyb,
          uniq_robin
D:4:      layout_basic, ashenzari_altar_1, lemuel_crystal_altar
D:5:      layout_rooms, uniq_blork_the_orc
D:6:      layout_loops_ring, minmay_manual_mares
D:7:      layout_cave_pods, minmay_temple_entry_offerings, serial_gnoll_camp,
          gnoll_camp_huts_basic, gnoll_camp_mini_hut, gnoll_camp_mini_loothouse,
          gnoll_camp_mini_hut, nrook_mini_vaults, minmay_misc_feat_cross,
          kennysheep_boxes
D:8:      layout_cave_pools, nicolae_qazlal_scattered_showers,
          marbit_many_paths, serial_shops, shop, uniq_maurice
D:9:      layout_cave_pools, hangedman_ru_absence,
          nicolae_hepliaklqana_hippocampus, eat_drink_and_be_merry_uskayaw,
          minmay_orc_entry_guard_dogs
D:10:     layout_cross, tso_altar, gammafunk_temple_overflow_elements,
          minmay_fractal_squares_gapless_5
D:11:     layout_loops_cross, lair_entry_dummy, nicolae_trove_entry_columns,
          minivault_16
D:12:     layout_rooms, amcnicky_mini_rare_corridor_liquid, item_on_display_b
Temple:   hellmonk_temple_two_chambers
Lair:1:   layout_gridlike, infiniplex_staircase_pool, grunt_megastairs_3,
          uniq_nergalle
Lair:2:   layout_hall_layers, mainiacjoe_swamp_entry_angry_trees,
          dummy_snake_entry, nicolae_volcano_entry_lava_flow,
          serial_bayou_pond_c, chequers_serial_rivers_micro_d,
          serial_bayou_lagoon_a, lemuel_fruit_tree, serial_bayou_shore_b

Skill      XL: |  1  2  3  4  5  6  7  8  9 10 11 12 13 14 15 |
---------------+----------------------------------------------+-----
Conjurations   | 2 3 4 5 7 10 11 15 | 15.0
Earth Magic    | 4 6 7 8 11 14 15 18 19 | 19.7
Spellcasting   | 3 4 7 8 9 |  9.1
Armour         | 2 4 |  4.2
Dodging        | 3 |  3.1
Fighting       | 5 |  5.3
Stealth        | |  2.1

Action                     |  1- 3 |  4- 6 |  7- 9 | 10-12 | 13-15 || total
---------------------------+-------+-------+-------+-------+-------++-------
  Melee: Unarmed           |     7 |       |       |       |       ||     7
         Whip              |    18 |    12 |       |       |       ||    30
   Fire: Arbalest          |       |       |    92 |   224 |    52 ||   368
   Cast: Sandblast         |    56 |    80 |   140 |   270 |    72 ||   618
         Stone Arrow       |       |       |       |    21 |    16 ||    37
         Brom's Barrelling |       |       |       |     5 |       ||     5
         Mephitic Cloud    |       |       |       |     9 |    17 ||    26
    Use: Scroll            |     1 |     6 |     1 |    24 |     6 ||    38
         Potion            |       |       |     3 |       |     2 ||     5
 Armour: Robe              |    33 |    56 |       |       |       ||    89
         Leather armour    |       |     2 |   123 |   479 |    86 ||   690
  Dodge: Dodged            |    28 |    30 |   110 |   347 |    69 ||   584

Table legend: (Time is in decaauts)
 A = Elapsed time spent in this place.
 B = Non-inter-level travel time spent in this place.
 C = Inter-level travel time spent in this place.
 D = Time resting spent in this place.
 E = Time spent auto-exploring this place.
 F = Levels seen in this place.
 G = Mean time per level.
                   A        B        C        D        E       F      G
               +--------+--------+--------+--------+--------+-----+--------+
         Total |  15912 |  15239 |    673 |   3131 |   9225 |  16 |  994.5 |
       Dungeon |  13424 |  12898 |    526 |   2521 |   8179 |  12 | 1118.7 |
        Temple |     23 |      1 |     22 |      0 |      0 |   1 |   23.0 |
          Lair |   1851 |   1727 |    124 |    499 |    725 |   2 |  925.5 |
       Volcano |    612 |    612 |      0 |    110 |    321 |   1 |  612.0 |
               +--------+--------+--------+--------+--------+-----+--------+

Top non-repeatable levels by time:
    D:11: 1902 daAuts
     D:9: 1849 daAuts
     D:7: 1459 daAuts
  Lair:1: 1357 daAuts
     D:3: 1299 daAuts
     D:2: 1255 daAuts
     D:1: 1114 daAuts
    D:10: 914 daAuts
     D:8: 796 daAuts
     D:5: 755 daAuts
     D:4: 742 daAuts
     D:6: 733 daAuts
 Volcano: 612 daAuts
    D:12: 602 daAuts
  Lair:2: 494 daAuts
